 Dungeon Crawl Stone Soup version 0.27-a0-887-gcab673c142 (webtiles) character file.

Game seed: 2814351311625905838

136 jestyr24 the Shield-Bearer (level 5, -4/42 HPs)
             Began as a Formicid Fighter on Apr 3, 2021.
             Slain by an orc warrior
             ... wielding a +0 war axe
              (10 damage)
             ... on level 4 of the Dungeon.
             The game lasted 00:10:29 (2504 turns).

jestyr24 the Shield-Bearer (Formicid Fighter)       Turns: 2504, Time: 00:10:29

Health: -4/42      AC:  7    Str: 22    XL:     5   Next: 43%
Magic:  5/5        EV:  8    Int:  7    God:
Gold:   211        SH: 10    Dex: 10    Spells: 4/4 levels left

rFire    . . .     SeeInvis +   t - +4 short sword
rCold    . . .     Faith    .   c - +0 kite shield
rNeg     . . .     Spirit   .   b - +0 scale mail
rPois    .         Reflect  .   (helmet unavailable)
rElec    .         Harm     .   (no cloak)
rCorr    .         Rampage  .   (no gloves)
Will     .....                  (no boots)
Stlth    +.........             (no amulet)
HPRegen  0.14/turn              (no ring)
MPRegen  0.09/turn              (no ring)

@: no status effects
A: permanent stasis, dig shafts and tunnels, antennae 3, four strong arms
a: Dig, Shaft Self


You were on level 4 of the Dungeon.
You visited 1 branch of the dungeon, and saw 4 of its levels.

You collected 211 gold pieces.

Inventory:

Hand Weapons
 a - a +0 war axe
 i - a +0 spear
 t - a +4 short sword (weapon)
Missiles
 h - 72 stones
 v - 11 poisoned darts
Armour
 b - a +0 scale mail (worn)
 c - a +0 kite shield (worn)
Jewellery
 p - a ring of willpower
 u - an amulet of faith
Wands
 s - a wand of acid (9)
Scrolls
 e - 3 scrolls of teleportation {unknown}
 f - a scroll of amnesia {unknown}
 g - a scroll of enchant armour {unknown}
 j - 2 scrolls of vulnerability {unknown}
 k - a scroll of holy word {unknown}
 l - 4 scrolls of identify {unknown}
 m - 2 scrolls of fear {unknown}
 o - 2 scrolls of fog {unknown}
Potions
 d - a potion of might
 n - 3 potions of flight {unknown}
 q - 2 potions of magic {unknown}
 r - a potion of cancellation {unknown}


   Skills:
 * Level 3.6 Fighting
 - Level 3.0 Axes
 + Level 3.8 Armour
 * Level 2.7 Stealth
 + Level 4.8 Shields


You had 4 spell levels left.
You didn't know any spells.
Your spell library was empty.

Dungeon Overview and Level Annotations

Branches:
Dungeon (4/15)
 Temple: D:4-7

Altars:

Annotations:
D:4 3 runed translucent doors, shoop's ghost, amateur DgDe


Innate Abilities, Weirdness & Mutations

You cannot be hasted, slowed, berserked, paralysed or teleported.
You can dig through walls and to a lower floor.
You have a pair of large antennae on your head. (SInv)
Your four strong arms can wield two-handed weapons with a shield.


Message History

You kill the orc!
Things that are here:
a +0 short sword; a +0 leather armour An orc and an orc warrior come into view.
The orc warrior shouts!
You hit the orc.
The orc is heavily wounded.
The orc warrior closely misses you. The orc hits you but does no damage.
The orc warrior barely misses you.
You puncture the orc!
You kill the orc!
The orc warrior closely misses you.
You hit the orc warrior.
The orc warrior is lightly wounded.
The orc warrior hits you but does no damage.
You hit the orc warrior but do no damage.
The orc warrior is lightly wounded.
The orc warrior hits you with a +0 war axe.
You hit the orc warrior.
The orc warrior is lightly wounded.
The orc warrior hits you with a +0 war axe!
You closely miss the orc warrior.
The orc warrior is lightly wounded.
The orc warrior hits you with a +0 war axe.
You block the orc warrior's attack.
You hit the orc warrior but do no damage.
The orc warrior is lightly wounded.
The orc warrior hits you with a +0 war axe!
* * * LOW HITPOINT WARNING * * *
You hit the orc warrior but do no damage.
The orc warrior is lightly wounded.
The orc warrior barely misses you.
You hit the orc warrior but do no damage.
The orc warrior is lightly wounded.
The orc warrior closely misses you.
You hit the orc warrior.
The orc warrior is moderately wounded.
You block the orc warrior's attack.
The orc warrior hits you with a +0 war axe!
You die...

>.......... ..#
#######.#.# #.#.# #
#.#.# #.#.# #
#.#.#####.#.# #
#.......#.#.#
#######.#.#.#...#.#
................#.#
######..#.#.#.#)#o#
#........#.@)#
#..#.#.#.#.###
#........#.#
############


You could see an orc warrior.

Vanquished Creatures
  3 adders
  4 worms
  3 dart slugs
  3 orcs
  4 ball pythons
  2 endoplasms (D:1)
  2 giant cockroaches
  11 goblins
  9 hobgoblins
  5 jackals
  6 quokkas
  9 bats
  5 frilled lizards
  8 kobolds
  11 rats
85 creatures vanquished.

Vanquished Creatures (others)
  6 fungi (D:2)
  2 plants (D:2)
8 creatures vanquished.

Grand Total: 93 creatures vanquished

Notes
Turn   | Place    | Note
-------+----------+-------------------------------------------
     0 | D:1      | jestyr24 the Formicid Fighter began the quest for the Orb.
     0 | D:1      | Reached XP level 1. HP: 18/18 MP: 1/1
   122 | D:1      | Reached skill level 1 in Stealth
   123 | D:1      | Reached XP level 2. HP: 24/24 MP: 2/2
   327 | D:1      | Reached skill level 4 in Shields
   327 | D:1      | Reached XP level 3. HP: 29/29 MP: 3/3
   629 | D:2      | Reached XP level 4. HP: 35/35 MP: 4/4
   896 | D:2      | Found a faded altar of an unknown god.
  1677 | D:3      | Reached XP level 5. HP: 41/41 MP: 5/5
  2432 | D:4      | Found a runed translucent gate.
  2432 | D:4      | Found a runed translucent gate.
  2432 | D:4      | Found a runed translucent gate.
  2434 | D:4      | Noticed shoop's ghost (amateur DgDe)
  2494 | D:4      | Noticed an orc warrior
  2504 | D:4      | Slain by an orc warrior

Illustrated notes

Levels and vault maps discovered:
D:1:      ebering_trefoil_3fold, layout_basic
D:2:      layout_rooms, shapermc_ecumenical_altar_gd, roderic_lattice_a,
          minmay_strange_pillars
D:3:      layout_basic, minmay_randomly_rotated_circles
D:4:      layout_basic, lemuel_coloured_pillars_altar,
          minmay_temple_entry_enclosed_plants, gammafunk_ghost_necromancy,
          serial_co_window_serial, co_window_paths_a, co_window_cross_1,
          co_window_of_opportunity_a, co_window_of_opportunity_a,
          co_window_paths_b, co_window_corner_cb, co_window_cross_3,
          co_window_broadway_b, co_window_2corner, co_window_4corner_b,
          glass_columns_c, glass_columns_b, glass_columns_a, glass_columns_a,
          solitary_fountain

Skill      XL: |  1  2  3  4  5 |
---------------+----------------+-----
Stealth        | 1 2 |  2.7
Shields        | 4 |  4.8
Axes           | 3 |  3.0
Fighting       | |  3.6
Armour         | |  3.8

Action                   |  1- 3 |  4- 6 || total
-------------------------+-------+-------++-------
Melee: War axe           |    79 |    96 ||   175
       Short sword       |       |    22 ||    22
 Abil: Dig               |     1 |     1 ||     2
Armor: Scale mail        |    25 |    63 ||    88
Dodge: Dodged            |    27 |    36 ||    63
Block: Kite shield       |    48 |    62 ||   110

Table legend: (Time is in decaauts)
 A = Elapsed time spent in this place.
 B = Non-inter-level travel time spent in this place.
 C = Inter-level travel time spent in this place.
 D = Time resting spent in this place.
 E = Time spent auto-exploring this place.
 F = Levels seen in this place.
 G = Mean time per level.
                   A        B        C        D        E       F      G
               +--------+--------+--------+--------+--------+-----+--------+
         Total |   2601 |   2527 |     74 |     77 |   1469 |   4 |  650.2 |
       Dungeon |   2601 |   2527 |     74 |     77 |   1469 |   4 |  650.2 |
               +--------+--------+--------+--------+--------+-----+--------+

Top non-repeatable levels by time:
     D:3: 1064 daAuts
     D:2: 814 daAuts
     D:1: 599 daAuts
     D:4: 122 daAuts
